 Dungeon Crawl Stone Soup version 0.23-a0-629-gae4348f (webtiles) character file.

138 Mgcat the Skirmisher (level 5, -6/47 HPs)
             Began as a Hill Orc Fighter on Dec 26, 2018.
             Killed by nerve-wracking pain
             ... invoked by Grinder
              (13 damage)
             ... on level 3 of the Dungeon.
             The game lasted 00:03:34 (1537 turns).

Mgcat the Skirmisher (Hill Orc Fighter)             Turns: 1537, Time: 00:03:35

Health: -6/47      AC:  8    Str: 20    XL:     5   Next: 21%
Magic:  5/5        EV:  7    Int:  8    God:
Gold:   123        SH:  9    Dex: 10    Spells: 4/4 levels left

rFire    . . .     SeeInvis .   a - +0 war axe
rCold    . . .     Gourm    .   c - +0 shield
rNeg     . . .     Faith    .   b - +0 scale mail
rPois    .         Spirit   .   (no helmet)
rElec    .         Reflect  .   w - +0 cloak
rCorr    .         Harm     .   (no gloves)
MR       .....                  (no boots)
Stlth    ..........             (no amulet)
HPRegen  0.15/turn              (no ring)
MPRegen  0.09/turn              (no ring)

@: no status effects
A: no striking features
a: no special abilities


You were on level 3 of the Dungeon.
You were not hungry.

You visited 1 branch of the dungeon, and saw 3 of its levels.

You collected 123 gold pieces.

Inventory:

Hand Weapons
 a - a +0 war axe (weapon)
Armour
 b - a +0 scale mail (worn)
 c - a +0 shield (worn)
 w - a +0 cloak (worn)
   (You found it on level 3 of the Dungeon)
Scrolls
 h - a scroll of amnesia {unknown}
 j - a scroll of fear {unknown}
 n - 3 scrolls of identify
 p - 3 scrolls of remove curse
 s - a scroll of magic mapping {unknown}
 t - a scroll of teleportation {unknown}
 u - a scroll of enchant weapon {unknown}
 x - a scroll of fog {unknown}
Potions
 d - 2 potions of agility {unknown}
 e - 4 potions of curing
 g - 2 potions of haste {unknown}
 i - a potion of berserk rage {unknown}
 k - a potion of ambrosia {unknown}
 l - a potion of heal wounds {unknown}
 m - a potion of magic {unknown}
 o - a potion of brilliance {unknown}
 r - a potion of degeneration {unknown}
 v - a potion of cancellation {unknown}
Comestibles
 f - 6 rations
 q - 2 chunks of flesh {@w0}


   Skills:
 + Level 4.9 Fighting
 + Level 4.5 Axes
 + Level 4.5 Armour
 - Level 3.2 Shields


You had 4 spell levels left.
You didn't know any spells.
Your spell library was empty.

Dungeon Overview and Level Annotations

Branches:
Dungeon (3/15)

Altars:

Annotations:
D:3 Grinder


Message History

Unknown command.
You hit Grinder but do no damage.
Grinder is lightly wounded.
Grinder gestures at you. You resist with significant effort.
Grinder says, "FISH!"
Grinder hits you.
You writhe in agony.
Unknown command.
Unknown command.
You hit Grinder.
Grinder is moderately wounded.
Grinder hits you.
You writhe in agony.
Unknown command.
Unknown command.
You hit Grinder.
Grinder is moderately wounded.
Grinder barely misses you.
Grinder zaps a wand.
You turn into a filthy swine.
Your +0 war axe melds into your body.
Your +0 cloak melds into your body.
Your +0 shield melds into your body.
Your +0 scale mail melds into your body.
Unknown command.
Unknown command.
Unknown command.
Unknown command.
You hit Grinder but do no damage.
Grinder is moderately wounded.
Unknown command.
Unknown command.
You barely miss Grinder.
Grinder is moderately wounded.
Grinder blinks!
Unknown command.
Unknown command.
Grinder zaps a wand.
Unknown command.
Unknown command.
Grinder blinks!
You now have 123 gold pieces (gained 16).
Unknown command.
Unknown command.
Unknown command.
Unknown command.
A leopard gecko comes into view.
The leopard gecko hisses angrily.
The leopard gecko closely misses you.
You closely miss the leopard gecko. The leopard gecko misses you.
You miss the leopard gecko.
The leopard gecko completely misses you.
You hit the leopard gecko but do no damage.
The leopard gecko misses you.
You miss the leopard gecko. The leopard gecko bites you.
You hit the leopard gecko.
The leopard gecko is moderately wounded.
The leopard gecko completely misses you.
You hit the leopard gecko.
The leopard gecko is heavily wounded.
Your transformation is almost over.
The leopard gecko closely misses you.
Unknown command.
Unknown command.
You barely miss the leopard gecko.
The leopard gecko is heavily wounded.
The leopard gecko bites you.
You closely miss the leopard gecko.
The leopard gecko is heavily wounded.
The leopard gecko bites you.
Grinder blinks!
The leopard gecko bites you.
* * * LOW HITPOINT WARNING * * *
You closely miss the leopard gecko.
The leopard gecko is heavily wounded.
The leopard gecko misses you.
You hit the leopard gecko.
The leopard gecko is severely wounded.
The leopard gecko barely misses you.
You closely miss the leopard gecko.
The leopard gecko is severely wounded.
The leopard gecko barely misses you.
You hit the leopard gecko but do no damage.
The leopard gecko is severely wounded.
The leopard gecko misses you.
You closely miss the leopard gecko.
The leopard gecko is severely wounded.
The leopard gecko bites you.
* * * LOW HITPOINT WARNING * * *
Grinder gestures at you.
You barely resist. You closely miss the leopard gecko.
The leopard gecko is severely wounded.
The leopard gecko closely misses you.
You closely miss the leopard gecko.
The leopard gecko is severely wounded.
Your transformation has ended.
Your +0 war axe unmelds from your body.
Your +0 cloak unmelds from your body.
Your +0 shield unmelds from your body.
Your +0 scale mail unmelds from your body.
You block the leopard gecko's attack.
You slash the leopard gecko!
You kill the leopard gecko!
Grinder gestures at you. Pain shoots through your body!
You die...

## #.. #.# #.#
##.####### #........#
####...####.#########
..§..#.# #..5..@†..#
####.).# #########.#
#.### #.# #.# ####.#
##...# ....## ##..#


You could see Grinder.

Vanquished Creatures
  An ogre (D:2)
  An ooze (D:2)
  A worm (D:2)
  A dart slug (D:1)
  A leopard gecko (D:3)
  2 giant cockroaches (D:2)
  7 goblins
  10 hobgoblins
  6 kobolds
  2 quokkas
  5 bats
  2 frilled lizards
  2 rats
41 creatures vanquished.

Notes
Turn   | Place    | Note
-------+----------+-------------------------------------------
     0 | D:1      | Mgcat the Hill Orc Fighter began the quest for the Orb.
     0 | D:1      | Reached XP level 1. HP: 19/19 MP: 1/1
    78 | D:1      | Reached skill level 3 in Axes
    81 | D:1      | Reached XP level 2. HP: 24/27 MP: 2/2
   319 | D:1      | Reached skill level 4 in Fighting
   705 | D:2      | Reached XP level 3. HP: 33/33 MP: 3/3
   848 | D:2      | Noticed an ogre
   855 | D:2      | Killed an ogre
   855 | D:2      | Reached skill level 4 in Axes
   855 | D:2      | Reached skill level 4 in Armour
   855 | D:2      | Reached XP level 4. HP: 21/41 MP: 4/4
   855 | D:2      | Reached XP level 5. HP: 24/47 MP: 5/5
  1490 | D:3      | Noticed Grinder
  1497 | D:3      | Paralysed by Grinder for 7 turns
  1529 | D:3      | HP: 10/47 [leopard gecko (5)]
  1534 | D:3      | HP: 6/47 [leopard gecko (5)]
  1537 | D:3      | Killed from afar by Grinder

Vault maps used:
D:1:      kennysheep_arrival_seaside, minmay_indecisive_spiral
D:3:      uniq_grinder, uniq_terence

Skill      XL: |  1  2  3 |
---------------+----------+-----
Axes           | 3 4 |  4.5
Fighting       | 4 |  4.9
Armour         | 4 |  4.5
Shields        | |  3.2

Action                   |  1- 3 |  4- 6 || total
-------------------------+-------+-------++-------
Melee: War axe           |    81 |    43 ||   124
       Unarmed           |       |    17 ||    17
  Use: Potion            |     1 |       ||     1
       Scroll            |       |     2 ||     2
  Eat: Chunk             |       |     2 ||     2
Armor: Scale mail        |    44 |    18 ||    62
Dodge: Dodged            |    23 |    21 ||    44
Block: Shield            |    41 |    22 ||    63

Table legend:
 A = Non-vault XP
 B = Vault XP
 C = Vault XP percentage of total XP
 D = Non-vault monster count
 E = Vault monster count
 F = Vault count percentage of total count
                 A         B        C        D         E       F
            +---------+---------+-------+---------+---------+-------
      Total |     190 |       8 |   4.0 |      37 |       4 |   9.8
            +---------+---------+-------+---------+---------+-------
        D:1 |      21 |       8 |  27.6 |      12 |       4 |  25.0
        D:2 |     158 |       0 |   0.0 |      20 |       0 |   0.0
        D:3 |      11 |       0 |   0.0 |       5 |       0 |   0.0
            +---------+---------+-------+---------+---------+-------

Vault maps used:
D:1:      kennysheep_arrival_seaside, minmay_indecisive_spiral
D:3:      uniq_grinder, uniq_terence

Table legend:
 A = Turns spent in this place as a percentage of turns spent in the entire game.
 B = Non-inter-level travel turns spent in this place as a percentage of non-inter-level travel turns spent in the entire game.
 C = Inter-level travel turns spent in this place as a percentage of turns spent in this place.
 D = Turns resting spent in this place as a percentage of non-inter-level travel turns spent in this place.
 E = Turns spent auto-exploring this place as a percentage of non-inter-level travel turns spent in this place.
 F = Non-inter-level travel turns spent in this place divided by the number of levels of this place that you've seen.
                   A       B       C       D       E      F
               +-------+-------+-------+-------+-------+----------------------
         Total | 100.0 | 100.0 |   5.4 |   3.5 |  76.7 | 484.7
       Dungeon | 100.0 | 100.0 |   5.4 |   3.5 |  76.7 | 484.7
               +-------+-------+-------+-------+-------+----------------------

Table legend:
 A = Kills in this place as a percentage of kills in entire the game.
 B = Kills by you in this place as a percentage of kills by you in the entire game.
 C = Kills by friends in this place as a percentage of kills by friends in the entire game.
 D = Other kills in this place as a percentage of other kills in the entire game.
 E = Experience gained in this place as a percentage of experience gained in the entire game.
 F = Experience gained in this place divided by the number of levels of this place that you have seen.
                   A       B       C       D       E      F
               +-------+-------+-------+-------+-------+----------------------
         Total | 100.0 | 100.0 |   N/A |   N/A | 100.0 |  66.0
       Dungeon | 100.0 | 100.0 |   N/A |   N/A | 100.0 |  66.0
               +-------+-------+-------+-------+-------+----------------------
